AoeStats
← Didi

Lombardia

509971855Analyzed
4v4 RM · 4d ago on Sep 28, 2026· 43m 16s· 8 players
Game mode
Random Map
Map size
Large (8 player)
Population
200
Speed
Normal
Resources
Standard
Victory
Conquest
Starting age
Dark Age
Ending age
Imperial Age
RankedLock teamsTeams togetherTeam positionsShared explorationLock speedFull tech treeHidden civsTurbo modeCheats
Victory
Defeat
🇵🇪 Burmese · Peru
1643
+13
🇦🇷 Georgians · Argentina
1560
+17
🇦🇷 Byzantines · Argentina
1538
+18
🇦🇷 Ethiopians · Argentina
1534
+17
🇺🇸 Slavs · United States
1817
-26
🇨🇳 Koreans · China
1524
-14
🇨🇱 Chinese · Chile
1487
-13
🇦🇷 Aztecs · Argentina
1476
-12
LE | Dabighead
10:33 Feudal Age
12:44 Horse Collar
17:46 Castle Age
18:29 Caravan
21:31 Fervor
25:49 Heavy Plow
26:37 Wheelbarrow
26:42 Gold Mining
26:46 Stone Mining
28:27 Town Watch
31:14 Imperial Age
30:57 Scale Mail Armor
31:08 Forging
31:05 Man-at-Arms
31:30 Gambesons
31:46 Squires
31:31 Arson
32:04 Chain Mail Armor
33:05 Iron Casting
31:51 Long Swordsman
33:10 Guilds
33:31 Crop Rotation
34:44 Conscription
33:46 Two-Handed Swordsman
35:25 Plate Mail Armor
35:31 Champion
37:30 Blast Furnace
Lauti
7:33 Loom
10:26 Feudal Age
17:33 Castle Age
15:54 Double-Bit Axe
16:15 Horse Collar
18:33 Bow Saw
24:01 Wheelbarrow
28:15 Imperial Age
26:51 Hand Cart
26:51 Gold Mining
26:51 Stone Mining
27:45 Padded Archer Armor
29:10 Leather Archer Armor
30:06 Chemistry
30:23 Ring Archer Armor
30:05 Heavy Plow
31:09 Conscription
34:00 Treadmill Crane
34:32 Fletching
35:05 Caravan
35:28 Ballistics
35:06 Elite Skirmisher
37:00 Bodkin Arrow
37:52 Thumb Ring
38:30 Crop Rotation
38:36 Gold Shaft Mining
38:37 Stone Shaft Mining
39:03 Two-Man Saw
40:16 Bracer
40:46 Murder Holes
41:14 Bombard Tower
Didi
6:26 Loom
11:38 Feudal Age
16:28 Castle Age
14:29 Double-Bit Axe
17:27 Gold Mining
22:56 Scale Barding Armor
26:29 Wheelbarrow
27:08 Forging
27:59 Horse Collar
30:39 Chain Barding Armor
33:54 Iron Casting
34:25 Hand Cart
34:13 Heavy Plow
34:50 Bloodlines
34:40 Husbandry
34:52 Light Cavalry
35:46 Stone Mining
40:04 Imperial Age
38:03 Bow Saw
37:24 Man-at-Arms
38:04 Squires
38:11 Long Swordsman
39:34 Svan Towers
39:38 Fletching
40:31 Guard Tower
41:02 Ballistics
40:52 Masonry
42:27 Chemistry
42:59 Bodkin Arrow
Suricata Tactica
6:47 Loom
9:38 Feudal Age
10:43 Double-Bit Axe
12:21 Horse Collar
13:12 Fletching
18:31 Wheelbarrow
21:52 Castle Age
20:35 Padded Archer Armor
20:53 Gold Mining
21:55 Crossbowman
22:30 Bodkin Arrow
22:55 Bow Saw
23:30 Leather Archer Armor
25:04 Gold Shaft Mining
28:47 Ballistics
33:33 Imperial Age
31:59 Thumb Ring
32:53 Hand Cart
33:37 Arbalester
34:18 Bracer
35:25 Chemistry
34:45 Capped Ram
35:22 Town Watch
37:17 Caravan
38:06 Siege Ram
39:52 Scale Mail Armor
40:02 Forging
44:09 Ring Archer Armor
44:14 Iron Casting
44:10 Ring Archer Armor
43:55 Chain Mail Armor
enzoyin68
8:32 Feudal Age
9:35 Double-Bit Axe
10:30 Horse Collar
14:57 Wheelbarrow
19:34 Castle Age
18:08 Fletching
18:43 Scale Barding Armor
18:57 Loom
19:08 Gold Mining
20:47 Bow Saw
20:57 Heavy Plow
24:20 Stone Mining
27:31 Hand Cart
30:52 Bodkin Arrow
33:05 Ballistics
32:48 Husbandry
36:39 Imperial Age
36:52 Treadmill Crane
37:23 Masonry
37:23 Bracer
38:25 Chemistry
36:47 Heavy Rocket Cart
39:55 Conscription
39:57 Shinkichon
40:00 Conscription
Freidle
7:01 Loom
9:02 Feudal Age
9:40 Double-Bit Axe
9:36 Horse Collar
17:53 Castle Age
17:18 Wheelbarrow
16:59 Scale Barding Armor
17:14 Bloodlines
17:55 Light Cavalry
18:47 Heavy Plow
18:58 Bow Saw
19:52 Forging
21:11 Chain Barding Armor
26:11 Wheelbarrow
28:23 Hand Cart
32:41 Imperial Age
30:25 Detinets
30:39 Stone Mining
31:28 Forging
31:39 Husbandry
31:59 Town Watch
33:19 Town Patrol
34:08 Conscription
34:27 Plate Barding Armor
34:28 Iron Casting
34:07 Capped Ram
35:20 Siege Ram
35:59 Gold Mining
36:56 Elite Boyar
38:34 Gold Shaft Mining
40:48 Two-Man Saw
El Choro Stifen
0:36 Loom
10:56 Feudal Age
12:12 Double-Bit Axe
15:38 Castle Age
14:27 Horse Collar
16:51 Bow Saw
23:18 Gold Mining
24:59 Heavy Plow
26:48 Wheelbarrow
27:06 Town Watch
30:24 Imperial Age
28:50 Scale Mail Armor
30:11 Squires
31:06 Chain Mail Armor
30:31 Elite Fire Lancer
30:58 Arson
31:26 Forging
33:31 Plate Mail Armor
34:26 Conscription
35:46 Chemistry
35:07 Ballistics
34:59 Masonry
35:00 Fortified Wall
35:22 Heavy Scorpion
39:22 Iron Casting
38:38 Fletching
39:58 Gold Shaft Mining
39:14 Stone Mining
41:03 Blast Furnace
41:09 Rocketry
41:23 Great Wall
42:23 Bombard Tower
42:36 Architecture
42:03 Murder Holes
42:58 Bodkin Arrow
MAGOYA
5:16 Loom
11:57 Feudal Age
17:22 Castle Age
15:12 Double-Bit Axe
16:04 Horse Collar
18:58 Gold Mining
21:02 Sanctity
21:31 Fervor
25:38 Bow Saw
25:29 Heavy Plow
26:03 Stone Mining
26:30 Redemption
26:22 Atonement
27:42 Wheelbarrow
32:31 Scale Mail Armor
32:41 Forging
41:00 Imperial Age
Connection lost

Rejoining the realm…

Still unreachable

The connection could not be restored.

Session expired

The server has moved on; the page needs a fresh start.